 Dungeon Crawl Stone Soup version 0.29.0 (webtiles) character file.

Game seed: 371940747676863872

1465 witwit the Summoner (level 8, 0/34 HPs)
             Began as a Felid Summoner on Aug 24, 2022.
             Was an Initiate of Gozag.
             Slain by a wolf (1 damage)
             ... on level 7 of the Dungeon.
             The game lasted 00:25:48 (11520 turns).

witwit the Summoner (Felid Summoner)               Turns: 11520, Time: 00:25:49

Health: 0/34       AC:  2    Str:  4    XL:     8   Next: 48%
Magic:  13/13      EV: 21    Int: 20    God:    Gozag
Gold:   176        SH:  5    Dex: 17    Spells: 0/13 levels left
                                        Lives:  0   Deaths: 2

rFire   . . .      SeeInvis +     - Unarmed
rCold   . . .      Faith    .   (shield unavailable)
rNeg    . . .      Spirit   .   (body armour unavailable)
rPois   .          Reflect  +   (helmet unavailable)
rElec   .          Harm     .   (cloak unavailable)
rCorr   .          Rampage  .   (gloves unavailable)
Will    +....                   (boots unavailable)
Stlth   +++.......              m - amulet of reflection
HPRegen 0.11/turn               j - ring of flight
MPRegen 0.13/turn               (no ring)

@: mighty, brilliant, flying, studying Transmutations, quick
A: very small, claws 1, fangs 3, see invisible, speed 1, shaggy fur 2, stealthy
paws, no weapons or thrown items, no armour, multi-lived
a: Renounce Religion, Potion Petition, Call Merchant, Bribe Branch


You were on level 7 of the Dungeon.
You worshipped Gozag.
Gozag was aware of your devotion.
You visited 2 branches of the dungeon, and saw 9 of its levels.

You collected 604 gold pieces.
You paid 428 gold pieces to Gozag.

Inventory:

Jewellery
 f - the ring of Immorality {rElec rPois Will- Str+9 Dex-3}
   (You found it on level 2 of the Dungeon)

   [ring of poison resistance]

   Str:       It affects your strength (+9).
   Dex:       It affects your dexterity (-3).
   rElec:     It insulates you from electricity.
   rPois:     It protects you from poison.
   Will:      It decreases your willpower.
 j - a ring of flight (left paw)
 m - an amulet of reflection (around neck)
Wands
 n - a wand of iceblast (6)
 o - a wand of mindburst (14)
 p - a wand of polymorph (19)
 s - a wand of charming (10)
Scrolls
 b - a scroll of immolation {unknown}
 c - 2 scrolls of enchant weapon {unknown}
 d - a scroll of poison {unknown}
 h - 3 scrolls of noise {unknown}
 i - a scroll of silence {unknown}
 k - a scroll of magic mapping {unknown}
 l - a scroll of blinking {unknown}
 t - a scroll of identify {unknown}
 v - 2 scrolls of teleportation {unknown}
Potions
 e - 4 potions of curing {unknown}
 g - 2 potions of degeneration
 q - 2 potions of haste {unknown}
 r - a potion of lignification {unknown}
 u - 2 potions of attraction {unknown}


   Skills:
 - Level 3.0 Fighting
 + Level 7.3 Dodging
 - Level 6.0 Stealth
 + Level 4.9 Unarmed Combat
 + Level 3.0 Spellcasting
 - Level 6.0 Hexes
 * Level 8.6 Summonings
 * Level 2.8 Air Magic


You couldn't memorise any spells.
You knew the following spells:

 Your Spells              Type           Power      Damage    Failure   Level
c - Call Canine Familiar  Summ           54%        N/A       1%          3
g - Summon Guardian Gole  Hex/Summ       48%        N/A       2%          3
i - Call Imp              Summ           54%        N/A       1%          2
m - Summon Small Mammal   Summ           100%       N/A       1%          1
o - Summon Lightning Spi  Summ/Air       39%        N/A       13%         4

Your spell library contained the following spells:

 Spells                   Type           Power      Damage    Failure   Level
 Sublimation of Blood     Necr           4%         N/A       22%         2
 Petrify                  Tmut/Erth      4%         N/A       80%         4
 Irradiate                Conj/Tmut      2%         3d12      98%         5


Dungeon Overview and Level Annotations

Branches:
Dungeon (8/15)             Temple (1/1) D:7
   Lair: D:8-11

Altars:
Ashenzari
Dithmenos
Elyvilon
Fedhas
Gozag
Hepliaklqana
Kikubaaqudgha
Makhleb
Nemelex Xobeh
Okawaru
Qazlal
Ru
Sif Muna
Trog
Uskayaw
Vehumet
Wu Jian
Xom
Yredelemnul
The Shining One

Shops:
D:1 *


Innate Abilities, Weirdness & Mutations

You have sharp claws.
You have razor-sharp teeth.
You have supernaturally acute eyesight. (SInv)
You cover ground quickly. (Speed+)
You are covered in thick fur. (AC +2)
Your paws help you pounce on unaware monsters.
You are incapable of wielding weapons or throwing items.
You cannot wear armour.
You gain extra lives every three experience levels.


Message History

The water moccasin is severely wounded.
Your hound bites the wolf but does no damage.
You block the wolf's attack. The water moccasin misses you.
Your hound bites the wolf.
You closely miss the water moccasin.
The water moccasin is severely wounded.
The wolf completely misses you. The water moccasin barely misses you.
Your hound barely misses the wolf.
You block the wolf's attack.
You scratch the water moccasin. Your bite misses the water moccasin.
The water moccasin is almost dead.
You block the water moccasin's attack.
Your hound barely misses the wolf.
The wolf barely misses you.
You closely miss the water moccasin.
The water moccasin is almost dead.
The wolf bites you! The water moccasin bites you!
* * * LOW HITPOINT WARNING * * *
Your hound bites the wolf.
The wolf completely misses you.
Your hound bites the wolf.
The water moccasin completely misses you.
Okay, then. [a] - 704 gold - resistance, might, haste, heal wounds and curing [b] - 648 gold - resistance, might and haste [c] - 288 gold - brilliance and magic Purchase which effect?
You no longer have enough gold to petition Gozag for potion effects.
You feel clever all of a sudden. Magic courses through your body.
The wolf barely misses you.
Your hound closely misses the wolf.
The water moccasin misses you.
You feel very mighty all of a sudden. The wolf closely misses you.
Your hound closely misses the wolf.
The water moccasin barely misses you. The wolf misses you.
Your hound bites the wolf but does no damage.
You barely miss the water moccasin.
The water moccasin is almost dead.
The water moccasin barely misses you. The wolf completely misses you.
Your hound misses the wolf. The water moccasin bites you.
* * * LOW HITPOINT WARNING * * *
The wolf bites you.
You die...
Your body crumbles into a pile of gold.

#.........................
#.######################## #.#
#.# #.############
#............# ####
#............# ########...
#.........S..###.....##...
#.......h@...'.'.....''...
#######.......h....###.....##...
#..................# #.....#####
##.######...........#
#.....##### #....# #........^..#
#.....##... ####.#
#...........###.....##...
#.##########'#+#.#h#h#+#.#+...
#.##..........#.#.#h#h#.#.#...
#.##..........+#.#.#.#.#.#....


You could see a water moccasin, a wolf (ally target) and a friendly hound
(summoned).

Vanquished Creatures
  Grinder (D:6)
  A jelly (D:6)
  An orc priest (D:6)
  2 iguanas (D:7)
  2 orc wizards
  An adder (D:4)
  2 shadow imps
  3 ufetubi
  2 orcs
  6 ball pythons
  6 bats
  4 endoplasms
  3 giant cockroaches
  6 hobgoblins
  3 kobolds
  3 quokkas
  4 frilled lizards
  4 rats
54 creatures vanquished.

Vanquished Creatures (collateral kills)
  Maggie (D:8)
  Sigmund (D:6)
  2 water moccasins (D:6)
  An ogre (D:4)
  2 kobold brigands (D:6)
  2 scorpions
  3 necrophages
  2 wights (D:7)
  Dowan (D:6)
  4 hounds
  3 orc priests
  An iguana (D:4)
  An orc wizard (D:6)
  4 adders
  16 gnolls
  2 shadow imps
  A white imp (D:4)
  2 ufetubi
  A worm (D:2)
  5 dart slugs
  18 orcs
  A ball python (D:1)
  3 endoplasms
  4 goblins
  3 hobgoblins
  8 kobolds
  5 quokkas
  2 frilled lizards (D:1)
  A rat (D:2)
100 creatures vanquished.

Vanquished Creatures (others)
  Duvessa (D:6)
  An ice beast (D:5)
  A sky beast (D:7)
  2 centaurs
  2 wights (D:7)
  An iguana (D:5)
  2 gnolls (D:4)
  A fungus (D:8)
  11 plants (D:8)
22 creatures vanquished.

Grand Total: 176 creatures vanquished

Notes
Turn   | Place    | Note
-------+----------+-------------------------------------------
     0 | D:1      | witwit the Felid Summoner began the quest for the Orb.
     0 | D:1      | Reached XP level 1. HP: 7/7 MP: 4/4
   312 | D:1      | Reached XP level 2. HP: 3/11 MP: 4/6
   597 | D:1      | Learned a level 2 spell: Call Imp
   761 | D:1      | Found Weng's Assorted Antiques.
  1230 | D:1      | Reached XP level 3. HP: 14/14 MP: 5/7
  1309 | D:1      | Learned a level 3 spell: Call Canine Familiar
  1435 | D:2      | Identified the ring of Immorality {rElec rPois Will- Str+9
                  | Dex-3}
  1523 | D:2      | Reached skill level 1 in Unarmed Combat
  2476 | D:3      | Reached XP level 4. HP: 18/18 MP: 2/8
  2670 | D:3      | Found a faded altar of an unknown god.
  2916 | D:3      | Found a stormy altar of Qazlal.
  2917 | D:3      | Found an ornate altar of the Wu Jian Council.
  2921 | D:3      | Reached skill level 1 in Fighting
  2921 | D:3      | Reached XP level 5. HP: 22/22 MP: 2/9
  3126 | D:3      | Learned a level 3 spell: Summon Guardian Golem
  3178 | D:3      | Reached skill level 5 in Summonings
  3233 | D:3      | Found a broken altar of Ashenzari.
  3942 | D:4      | Gained mutation: You are covered in thick fur. (AC +2)
                  | [Felid growth]
  3942 | D:4      | Reached XP level 6. HP: 25/25 MP: 0/11
  4877 | D:4      | Found a radiant altar of Vehumet.
  5176 | D:5      | Entered Level 5 of the Dungeon
  5189 | D:5      | Reached XP level 7. HP: 30/30 MP: 7/12
  5843 | D:5      | Slain by an ice beast
  5844 | D:5      | Reached XP level 6. HP: 0/27 MP: 3/11
  5894 | D:5      | Reached skill level 6 in Summonings
  6213 | D:5      | Found the +3 pair of seven-league boots {Rampage+∞}
  6375 | D:5      | Reached skill level 5 in Stealth
  6480 | D:5      | Reached skill level 5 in Dodging
  6960 | D:5      | Killed an ice beast
  6961 | D:5      | Reached skill level 1 in Hexes
  6961 | D:5      | Reached XP level 7. HP: 25/30 MP: 4/12
  7368 | D:6      | Noticed Sigmund
  7385 | D:6      | Killed Sigmund
  7467 | D:6      | Found a hazy altar of Hepliaklqana.
  7492 | D:6      | HP: 1/31 [poisoned by a water moccasin]
  8018 | D:6      | Found a shimmering altar of Xom.
  8020 | D:6      | Found a shimmering altar of Xom.
  8021 | D:6      | Found a shimmering altar of Xom.
  8021 | D:6      | Found a shimmering altar of Xom.
  8021 | D:6      | Found a shimmering altar of Xom.
  8109 | D:6      | Found a shimmering altar of Xom.
  8121 | D:6      | Found a shimmering altar of Xom.
  8223 | D:6      | Reached XP level 8. HP: 26/34 MP: 6/13
  8376 | D:6      | Reached skill level 7 in Summonings
  8464 | D:6      | Reached skill level 5 in Hexes
  8692 | D:6      | Noticed Grinder
  8714 | D:6      | Paralysed by Grinder for 4 turns
  8719 | D:6      | Killed Grinder
  8970 | D:6      | Noticed Duvessa
  8971 | D:6      | Noticed Dowan
  8997 | D:6      | Killed Duvessa
  9022 | D:6      | Killed Dowan
  9191 | D:7      | Learned a level 4 spell: Summon Lightning Spire
  9335 | D:7      | Found a staircase to the Ecumenical Temple.
  9346 | D:7      | Reached skill level 8 in Summonings
  9352 | D:7      | Reached skill level 1 in Air Magic
  9358 | Temple   | Entered the Ecumenical Temple
  9870 | Temple   | Became a worshipper of Gozag Ym Sagoz the Greedy
 10251 | D:7      | Reached XP level 9. HP: 25/37 MP: 11/14
 11196 | D:8      | Noticed Maggie
 11215 | D:8      | Slain by Maggie
 11216 | D:8      | Reached XP level 8. HP: -2/34 MP: 10/13
 11236 | D:8      | Killed Maggie
 11520 | D:7      | HP: 1/34 [water moccasin (4)]
 11520 | D:7      | Slain by a wolf

Illustrated notes

Levels and vault maps discovered:
D:1:      dpeg_arrival_line_fractal, layout_rooms, serial_shops, shop
D:2:      layout_basic
D:3:      layout_loops_cross, ashenzari_conservatory_becter,
          nicolae_overflow_squiral, ebering_ecumenical_altar_mist,
          kennysheep_donut
D:4:      layout_loops_ring, fiery_altar_vehumet, patterned_corridor
D:5:      layout_loops_ring, nicolae_figureground_sparkle
D:6:      layout_layer_cave, nicolae_xom_altar_mimics, lemuel_doored_altar,
          kennysheep_generic_room_14, uniq_duvessa, uniq_sigmund, uniq_grinder
D:7:      layout_basic, temple_hall, chequers_serial_rivers_room_b,
          minmay_manual_mandibuliform
D:8:      layout_cave_pools, minmay_lair_entry_grove, serial_shops,
          nicolae_shop_temple_entry_statues_fountains, serial_rivers,
          chequers_serial_rivers_small_3, chequers_serial_rivers_micro_d,
          chequers_serial_rivers_large_a, chequers_serial_rivers_small_a,
          uniq_psyche, uniq_maggie, uniq_prince_ribbit1, uniq_maurice
Temple:   eino_temple_water

Skill      XL: |  1  2  3  4  5  6  7  8  9 |
---------------+----------------------------+-----
Dodging        | 3 4 5 6 7 |  7.3
Stealth        | 3 5 6 |  6.0
Unarmed Combat | 1 3 4 |  4.9
Fighting       | 1 2 3 |  3.0
Summonings     | 5 6 8 |  8.6
Spellcasting   | 3 |  3.0
Hexes          | 1 3 6 |  6.0
Air Magic      | 1 2 |  2.8

Action                   |  1- 3 |  4- 6 |  7- 9 || total
-------------------------+-------+-------+-------++-------
Melee: Unarmed           |    51 |    67 |   107 ||   225
       Bite              |     2 |     4 |    17 ||    23
       Punch             |       |     2 |     4 ||     6
 Cast: Summon Small Mamm |    17 |    13 |    11 ||    41
       Call Imp          |    15 |    26 |    32 ||    73
       Call Canine Famil |     3 |    30 |    41 ||    74
       Summon Guardian G |       |     3 |    11 ||    14
Invok: Potion Petition   |       |       |     1 ||     1
Evoke: Wand              |       |     1 |       ||     1
  Use: Potion            |       |       |     6 ||     6
 Stab: Sleeping          |     9 |     6 |     2 ||    17
       Distracted        |       |       |     1 ||     1
Armor: Skin              |       |     1 |     7 ||     8
Dodge: Dodged            |    35 |    80 |    99 ||   214
Block: Other             |       |     8 |    29 ||    37
       Reflection        |       |     1 |     3 ||     4
